3098 views
Uploaded 2020-04-15 03:42:15
Game version 1.32.3
12:52 long 4on4 ladder game on (8)Sanctuary_LV
Saved by LeGato
3098 views
Uploaded 2020-04-15 03:42:15
Game version 1.32.3
12:52 long 4on4 ladder game on (8)Sanctuary_LV


99 units @ 15k
/ 2.1k
57 buildings @ 9.6k
/ 3.9k


| Healing Salve | 2 | 200 |
| Lesser Clarity Potion | 2 | 140 |
| Potion of Healing | 1 | 150 |
| Scroll of Speed | 1 | 50 |
| total: | 6 | 540g |
| Peon | 7 | 525 | / | 0 |
| Grunt | 5 | 1000 | / | 0 |
| Shaman | 1 | 130 | / | 20 |
| Troll Witch Doctor | 4 | 580 | / | 100 |
| Tauren | 4 | 1120 | / | 320 |
| total: | 21 | 3355g | / | 440w |
| Altar of Storms | 1 | 180 | / | 50 |
| Orc Burrow | 5 | 800 | / | 200 |
| Barracks | 1 | 180 | / | 50 |
| Voodoo Lounge | 1 | 130 | / | 30 |
| War Mill | 1 | 205 | / | 0 |
| Spirit Lodge | 3 | 450 | / | 450 |
| Tauren Totem | 2 | 270 | / | 310 |
| Stronghold | 2 | 630 | / | 380 |
| Fortress | 1 | 325 | / | 190 |
| total: | 14 | 2215g | / | 1090w |
| 0:04 | Peon |
| 0:04 | Peon |
| 0:08 | Altar of Storms |
| 0:15 | Orc Burrow |
| 0:33 | Peon |
| 0:40 | Barracks |
| 0:53 | Peon |
| 0:58 | Peon |
| 1:32 | Peon |
| 1:39 | Orc Burrow |
| 1:44 | Grunt |
| 1:48 | Peon |
| 2:08 | Grunt |
| 2:12 | Feral Spirit |
| 2:42 | Stronghold |
| 3:01 | Grunt |
| 3:46 | Grunt |
| 4:04 | Grunt |
| 4:07 | Voodoo Lounge |
| 4:27 | Orc Burrow |
| 4:56 | Chain Lighting |
| 5:42 | Fortress |
| 5:55 | Spirit Lodge |
| 5:57 | Spirit Lodge |
| 6:02 | War Mill |
| 6:37 | Feral Spirit |
| 7:14 | Healing Salve |
| 7:20 | Shaman |
| 7:20 | Witch Doctor Adept Training |
| 7:21 | Witch Doctor Master Training |
| 7:23 | Tauren Totem |
| 7:25 | Tauren Totem |
| 7:33 | Lesser Clarity Potion |
| 7:33 | Potion of Healing |
| 7:33 | Scroll of Speed |
| 7:33 | Healing Salve |
| 7:34 | Lesser Clarity Potion |
| 7:50 | Orc Burrow |
| 8:03 | Troll Witch Doctor |
| 8:24 | War Stomp |
| 8:41 | Spirit Lodge |
| 8:44 | Tauren |
| 9:06 | Troll Witch Doctor |
| 9:30 | Tauren |
| 9:56 | Troll Witch Doctor |
| 9:58 | Endurance Aura |
| 10:11 | Pulverize |
| 10:21 | Troll Witch Doctor |
| 10:23 | Orc Burrow |
| 10:56 | Tauren |
| 11:34 | Shaman Adept Training |
| 11:56 | Tauren |
| 12:13 | Chain Lighting |
| 12:35 | War Stomp |
| Right click | 1074 |
| Select group | 651 |
| Select | 362 |
| Assign group | 137 |
| Build/train/purchase | 65 |
| Chat | 65 |
| Misc. action | 21 |
| Use ability | 12 |
| Minimap ping | 5 |
| Esc | 4 |
| Item give/drop | 3 |


| Rod of Necromancy | 1 | 150 |
| Scroll of Town Portal | 1 | 350 |
| total: | 2 | 500g |
| Acolyte | 7 | 525 | / | 0 |
| Ghoul | 1 | 120 | / | 0 |
| Crypt Fiend | 10 | 2150 | / | 400 |
| Goblin Shredder | 1 | 375 | / | 100 |
| total: | 19 | 3170g | / | 500w |
| Nerubian Tower | 2 | 200 | / | 40 |
| Spirit Tower | 1 | 145 | / | 40 |
| Crypt | 2 | 400 | / | 100 |
| Graveyard | 2 | 430 | / | 0 |
| Altar of Darkness | 1 | 180 | / | 50 |
| Ziggurat | 7 | 1050 | / | 350 |
| Tomb of Relics | 1 | 130 | / | 30 |
| Necropolis | 1 | 225 | / | 0 |
| Sacrificial Pit | 1 | 75 | / | 150 |
| Halls of the Dead | 1 | 320 | / | 210 |
| Black Citadel | 1 | 325 | / | 230 |
| total: | 15 | 2490g | / | 680w |
| 0:05 | Acolyte |
| 0:05 | Acolyte |
| 0:30 | Crypt |
| 0:37 | Graveyard |
| 0:42 | Graveyard |
| 0:52 | Altar of Darkness |
| 1:05 | Ziggurat |
| 1:25 | Tomb of Relics |
| 1:39 | Ghoul |
| 2:04 | Ziggurat |
| 2:07 | Nerubian Tower |
| 2:12 | Crypt Fiend |
| 2:47 | Crypt Fiend |
| 2:53 | Death Coil |
| 2:55 | Rod of Necromancy |
| 3:14 | Crypt Fiend |
| 3:36 | Crypt Fiend |
| 3:47 | Acolyte |
| 4:35 | Unholy Aura |
| 5:22 | Necropolis |
| 5:43 | Ziggurat |
| 6:25 | Death Coil |
| 6:36 | Goblin Shredder |
| 6:53 | Ziggurat |
| 6:54 | Ziggurat |
| 7:35 | Halls of the Dead |
| 7:38 | Crypt Fiend |
| 7:50 | Acolyte |
| 7:50 | Acolyte |
| 7:50 | Acolyte |
| 7:50 | Acolyte |
| 7:52 | Nerubian Tower |
| 8:47 | Unholy Aura |
| 8:53 | Crypt Fiend |
| 8:55 | Creature Attack |
| 8:56 | Creature Carapace |
| 9:04 | Spirit Tower |
| 9:59 | Black Citadel |
| 10:03 | Improved Creature Attack |
| 10:41 | Crypt |
| 10:44 | Sacrificial Pit |
| 10:48 | Ziggurat |
| 10:52 | Ziggurat |
| 11:25 | Burrow |
| 11:25 | Crypt Fiend |
| 11:26 | Crypt Fiend |
| 11:32 | Scroll of Town Portal |
| 11:35 | Frost Nova |
| 11:46 | Improved Creature Carapace |
| 11:51 | Web |
| 11:51 | Crypt Fiend |
| 12:30 | Crypt Fiend |
| 12:32 | Advanced Creature Attack |
| Right click | 396 |
| Select | 211 |
| Chat | 197 |
| Select group | 184 |
| Build/train/purchase | 45 |
| Assign group | 21 |
| Use ability | 20 |
| Misc. action | 12 |
| Minimap ping | 9 |
| Item give/drop | 2 |


| Potion of Lesser Invulnerability | 1 | 150 |
| total: | 1 | 150g |
| Acolyte | 3 | 225 | / | 0 |
| Ghoul | 3 | 360 | / | 0 |
| Frost Wyrm | 6 | 2310 | / | 720 |
| Gargoyle | 4 | 700 | / | 120 |
| total: | 16 | 3595g | / | 840w |
| Necropolis | 1 | 225 | / | 0 |
| Altar of Darkness | 1 | 180 | / | 50 |
| Crypt | 1 | 200 | / | 50 |
| Tomb of Relics | 1 | 130 | / | 30 |
| Graveyard | 1 | 215 | / | 0 |
| Ziggurat | 6 | 900 | / | 300 |
| Sacrificial Pit | 1 | 75 | / | 150 |
| Boneyard | 3 | 525 | / | 600 |
| Halls of the Dead | 2 | 640 | / | 420 |
| Black Citadel | 1 | 325 | / | 230 |
| total: | 15 | 2450g | / | 1180w |
| 0:02 | Acolyte |
| 0:19 | Acolyte |
| 0:42 | Necropolis |
| 0:52 | Halls of the Dead |
| 1:33 | Altar of Darkness |
| 2:13 | Crypt |
| 2:46 | Tomb of Relics |
| 2:51 | Graveyard |
| 3:16 | Ghoul |
| 3:31 | Black Citadel |
| 3:41 | Death Coil |
| 3:44 | Ghoul |
| 4:15 | Ghoul |
| 4:24 | Sacrificial Pit |
| 4:27 | Ziggurat |
| 4:48 | Unholy Aura |
| 5:05 | Ziggurat |
| 5:49 | Ziggurat |
| 5:54 | Boneyard |
| 5:56 | Boneyard |
| 6:19 | Frost Nova |
| 6:27 | Ziggurat |
| 6:36 | Creature Attack |
| 7:09 | Frost Wyrm |
| 7:12 | Frost Wyrm |
| 7:29 | Death Coil |
| 7:39 | Boneyard |
| 7:40 | Ziggurat |
| 7:51 | Gargoyle |
| 7:58 | Dark Ritual |
| 8:09 | Ziggurat |
| 8:24 | Frost Wyrm |
| 8:57 | Frost Wyrm |
| 9:29 | Frost Wyrm |
| 10:13 | Gargoyle |
| 10:13 | Gargoyle |
| 10:23 | Frost Nova |
| 10:41 | Potion of Lesser Invulnerability |
| 10:46 | Freezing Breath |
| 10:51 | Gargoyle |
| 11:00 | Improved Creature Attack |
| 11:03 | Acolyte |
| 11:46 | Unholy Aura |
| 12:09 | Frost Armor |
| 12:09 | Frost Armor |
| 12:18 | Death Coil |
| 12:24 | Frost Wyrm |
| 12:49 | Frost Nova |
| Right click | 746 |
| Select group | 307 |
| Select | 191 |
| Chat | 111 |
| Assign group | 93 |
| Build/train/purchase | 50 |
| Use ability | 22 |
| Misc. action | 9 |
| Item give/drop | 5 |


| Wisp | 21 | 1260 | / | 0 |
| Archer | 13 | 1690 | / | 130 |
| Hippogryph | 3 | 480 | / | 60 |
| Forest Troll High Priest | 2 | 610 | / | 80 |
| Kobold Geomancer | 2 | 510 | / | 60 |
| Rogue | 2 | 300 | / | 0 |
| total: | 43 | 4850g | / | 330w |
| Altar of Elders | 1 | 180 | / | 50 |
| Moon Well | 6 | 1080 | / | 240 |
| Ancient of War | 2 | 300 | / | 120 |
| Tree of Life | 1 | 340 | / | 185 |
| Hunter's Hall | 1 | 210 | / | 100 |
| Ancient of Wind | 2 | 300 | / | 280 |
| Tree of Ages | 1 | 320 | / | 180 |
| total: | 13 | 2410g | / | 975w |
| 0:03 | Wisp |
| 0:03 | Wisp |
| 0:21 | Altar of Elders |
| 0:34 | Moon Well |
| 0:36 | Wisp |
| 0:36 | Wisp |
| 0:48 | Wisp |
| 0:54 | Ancient of War |
| 1:11 | Wisp |
| 1:30 | Wisp |
| 1:51 | Wisp |
| 1:51 | Wisp |
| 1:56 | Archer |
| 2:00 | Moon Well |
| 2:08 | Wisp |
| 2:10 | Archer |
| 2:14 | Ancient of War |
| 2:25 | Force of Nature |
| 2:45 | Moon Well |
| 3:02 | Moon Well |
| 3:04 | Archer |
| 3:06 | Wisp |
| 3:22 | Archer |
| 3:25 | Wisp |
| 3:25 | Wisp |
| 3:53 | Wisp |
| 4:15 | Tree of Life |
| 4:24 | Thorns Aura |
| 4:30 | Archer |
| 4:32 | Wisp |
| 5:27 | Wisp |
| 5:28 | Wisp |
| 5:32 | Wisp |
| 6:26 | Tree of Ages |
| 6:27 | Archer |
| 6:56 | Force of Nature |
| 7:27 | Hunter's Hall |
| 7:28 | Archer |
| 7:40 | Wisp |
| 8:08 | Archer |
| 8:19 | Moon Well |
| 8:20 | Archer |
| 8:57 | Archer |
| 9:00 | Ancient of Wind |
| 9:02 | Ancient of Wind |
| 9:19 | Moon Well |
| 9:38 | Wisp |
| 9:39 | Wisp |
| 9:42 | Archer |
| 10:09 | Hippogryph |
| 10:43 | Thorns Aura |
| 10:47 | Forest Troll High Priest |
| 10:47 | Forest Troll High Priest |
| 10:48 | Kobold Geomancer |
| 10:48 | Kobold Geomancer |
| 10:49 | Rogue |
| 10:49 | Rogue |
| 11:00 | Frost Arrows |
| 11:18 | Hippogryph |
| 11:20 | Archer |
| 12:10 | Hippogryph |
| 12:12 | Archer |
| 12:18 | Strength of the Moon |
| Select group | 976 |
| Right click | 825 |
| Assign group | 443 |
| Select | 443 |
| Chat | 126 |
| Build/train/purchase | 60 |
| Resource trade | 54 |
| Use ability | 12 |
| Item give/drop | 1 |
110 units @ 15.5k
/ 1.6k
69 buildings @ 9.9k
/ 4.1k

| Acolyte | 8 | 600 | / | 0 |
| Ghoul | 8 | 960 | / | 0 |
| Crypt Fiend | 17 | 3655 | / | 680 |
| total: | 33 | 5215g | / | 680w |
| Nerubian Tower | 1 | 100 | / | 20 |
| Spirit Tower | 2 | 290 | / | 80 |
| Ziggurat | 10 | 1500 | / | 500 |
| Altar of Darkness | 1 | 180 | / | 50 |
| Crypt | 1 | 200 | / | 50 |
| Graveyard | 1 | 215 | / | 0 |
| Tomb of Relics | 1 | 130 | / | 30 |
| Sacrificial Pit | 1 | 75 | / | 150 |
| Halls of the Dead | 2 | 640 | / | 420 |
| Black Citadel | 1 | 325 | / | 230 |
| total: | 15 | 2300g | / | 780w |
| 0:05 | Acolyte |
| 0:06 | Acolyte |
| 0:08 | Ziggurat |
| 0:12 | Altar of Darkness |
| 0:36 | Crypt |
| 1:01 | Nerubian Tower |
| 1:08 | Ziggurat |
| 1:40 | Ghoul |
| 1:40 | Ghoul |
| 1:40 | Ghoul |
| 1:52 | Graveyard |
| 2:18 | Ghoul |
| 2:20 | Ghoul |
| 2:25 | Ziggurat |
| 2:38 | Ghoul |
| 2:48 | Death Coil |
| 2:51 | Ghoul |
| 3:05 | Ghoul |
| 3:13 | Spirit Tower |
| 3:37 | Ziggurat |
| 3:51 | Crypt Fiend |
| 3:51 | Crypt Fiend |
| 4:22 | Halls of the Dead |
| 4:43 | Crypt Fiend |
| 5:06 | Unholy Aura |
| 5:10 | Crypt Fiend |
| 5:22 | Creature Attack |
| 5:45 | Crypt Fiend |
| 5:58 | Tomb of Relics |
| 6:25 | Crypt Fiend |
| 6:34 | Creature Carapace |
| 6:52 | Ziggurat |
| 6:59 | Web |
| 7:54 | Acolyte |
| 7:54 | Acolyte |
| 7:54 | Acolyte |
| 7:55 | Acolyte |
| 8:11 | Unholy Aura |
| 8:59 | Acolyte |
| 8:59 | Acolyte |
| 9:01 | Crypt Fiend |
| 9:01 | Crypt Fiend |
| 9:05 | Sacrificial Pit |
| 9:08 | Ziggurat |
| 9:40 | Crypt Fiend |
| 9:41 | Crypt Fiend |
| 9:51 | Ziggurat |
| 10:08 | Improved Creature Attack |
| 10:16 | Ziggurat |
| 10:36 | Black Citadel |
| 10:49 | Spirit Tower |
| 11:14 | Ziggurat |
| 11:15 | Ziggurat |
| 12:07 | Crypt Fiend |
| 12:07 | Crypt Fiend |
| 12:08 | Crypt Fiend |
| 12:38 | Crypt Fiend |
| 12:39 | Crypt Fiend |
| 12:39 | Crypt Fiend |
| 12:39 | Crypt Fiend |
| Right click | 906 |
| Select | 152 |
| Select group | 51 |
| Assign group | 48 |
| Build/train/purchase | 47 |
| Minimap ping | 8 |
| Use ability | 3 |
| Remove unit | 2 |
| Misc. action | 1 |


| Scroll of Regeneration | 2 | 200 |
| Lesser Clarity Potion | 1 | 70 |
| Orb of Fire | 1 | 325 |
| Staff of Sanctuary | 1 | 250 |
| total: | 5 | 845g |
| Peasant | 15 | 1125 | / | 0 |
| Footman | 8 | 1080 | / | 0 |
| Rifleman | 6 | 1230 | / | 180 |
| Priest | 3 | 405 | / | 30 |
| Dragonhawk Rider | 3 | 600 | / | 90 |
| Goblin Shredder | 1 | 375 | / | 100 |
| total: | 36 | 4815g | / | 400w |
| Scout Tower | 2 | 60 | / | 40 |
| Arcane Tower | 3 | 210 | / | 150 |
| Altar of Kings | 1 | 180 | / | 50 |
| Farm | 10 | 800 | / | 200 |
| Barracks | 1 | 160 | / | 60 |
| Arcane Vault | 1 | 130 | / | 30 |
| Town Hall | 1 | 385 | / | 205 |
| Blacksmith | 1 | 140 | / | 60 |
| Lumber Mill | 1 | 120 | / | 0 |
| Arcane Sanctum | 1 | 150 | / | 140 |
| Gryphon Aviary | 1 | 140 | / | 150 |
| Keep | 1 | 320 | / | 210 |
| Castle | 1 | 360 | / | 210 |
| total: | 20 | 2265g | / | 935w |
| 0:02 | Peasant |
| 0:02 | Peasant |
| 0:02 | Peasant |
| 0:19 | Altar of Kings |
| 0:20 | Peasant |
| 0:33 | Farm |
| 0:35 | Peasant |
| 0:49 | Barracks |
| 0:50 | Peasant |
| 1:09 | Farm |
| 1:19 | Peasant |
| 1:30 | Scout Tower |
| 1:35 | Peasant |
| 1:46 | Farm |
| 1:49 | Footman |
| 1:55 | Arcane Vault |
| 2:12 | Arcane Tower |
| 2:15 | Footman |
| 2:23 | Peasant |
| 2:23 | Peasant |
| 2:31 | Storm Bolt |
| 2:51 | Footman |
| 3:40 | Town Hall |
| 3:44 | Scout Tower |
| 3:48 | Peasant |
| 3:48 | Peasant |
| 3:48 | Peasant |
| 3:48 | Peasant |
| 3:49 | Peasant |
| 4:05 | Defend |
| 4:38 | Arcane Tower |
| 5:04 | Farm |
| 5:07 | Bash |
| 5:18 | Footman |
| 5:27 | Keep |
| 5:38 | Scroll of Regeneration |
| 5:39 | Lesser Clarity Potion |
| 5:41 | Scroll of Regeneration |
| 5:47 | Farm |
| 5:50 | Footman |
| 6:16 | Footman |
| 6:37 | Farm |
| 6:45 | Blacksmith |
| 7:31 | Farm |
| 7:35 | Lumber Mill |
| 7:47 | Storm Bolt |
| 7:49 | Footman |
| 7:51 | Castle |
| 8:14 | Footman |
| 8:15 | Iron Forged Swords |
| 8:16 | Iron Plating |
| 8:18 | Arcane Sanctum |
| 8:39 | Goblin Shredder |
| 8:44 | Steel Plating |
| 8:51 | Blizzard |
| 8:59 | Farm |
| 9:05 | Improved Masonry |
| 9:19 | Rifleman |
| 9:39 | Priest |
| 9:40 | Priest Adept Training |
| 9:44 | Gryphon Aviary |
| 9:50 | Rifleman |
| 9:52 | Black Gunpowder |
| 10:06 | Farm |
| 10:10 | Rifleman |
| 10:22 | Rifleman |
| 10:28 | Priest |
| 10:45 | Orb of Fire |
| 10:48 | Staff of Sanctuary |
| 10:52 | Rifleman |
| 10:56 | Farm |
| 11:20 | Dragonhawk Rider |
| 11:22 | Studded Leather Armor |
| 11:24 | Dragonhawk Rider |
| 11:36 | Priest Master Training |
| 11:37 | Priest |
| 12:25 | Dragonhawk Rider |
| 12:27 | Rifleman |
| Right click | 420 |
| Select | 214 |
| Select group | 106 |
| Build/train/purchase | 77 |
| Assign group | 25 |
| Use ability | 22 |
| Resource trade | 5 |
| Item give/drop | 2 |
| Remove unit | 2 |
| Minimap ping | 2 |
| Misc. action | 1 |


| Healing Salve | 1 | 100 |
| total: | 1 | 100g |
| Peon | 10 | 750 | / | 0 |
| Grunt | 4 | 800 | / | 0 |
| Goblin Shredder | 1 | 375 | / | 100 |
| total: | 15 | 1925g | / | 100w |
| Watch Tower | 8 | 880 | / | 640 |
| Altar of Storms | 1 | 180 | / | 50 |
| Orc Burrow | 4 | 640 | / | 160 |
| Barracks | 1 | 180 | / | 50 |
| Voodoo Lounge | 1 | 130 | / | 30 |
| War Mill | 1 | 205 | / | 0 |
| Great Hall | 1 | 385 | / | 185 |
| Spirit Lodge | 2 | 300 | / | 300 |
| Stronghold | 2 | 630 | / | 380 |
| Fortress | 1 | 325 | / | 190 |
| total: | 19 | 2900g | / | 1415w |
| 0:03 | Peon |
| 0:03 | Peon |
| 0:03 | Peon |
| 0:09 | Altar of Storms |
| 0:19 | Orc Burrow |
| 0:22 | Peon |
| 0:39 | Peon |
| 0:58 | Peon |
| 1:12 | Barracks |
| 1:24 | Peon |
| 1:39 | Orc Burrow |
| 2:13 | Endurance Aura |
| 2:19 | Grunt |
| 2:21 | Voodoo Lounge |
| 2:35 | Grunt |
| 2:36 | Peon |
| 2:59 | War Mill |
| 3:36 | Grunt |
| 3:48 | Grunt |
| 3:49 | Orc Burrow |
| 4:33 | Great Hall |
| 4:57 | Peon |
| 4:57 | Peon |
| 5:07 | War Stomp |
| 5:15 | Goblin Shredder |
| 5:23 | Watch Tower |
| 5:30 | Watch Tower |
| 5:32 | Watch Tower |
| 5:49 | Healing Salve |
| 5:57 | Steel Armor |
| 6:25 | Orc Burrow |
| 6:32 | Watch Tower |
| 6:36 | Watch Tower |
| 7:24 | Stronghold |
| 7:25 | Spiked Barricades |
| 8:29 | Endurance Aura |
| 9:46 | Spirit Lodge |
| 9:48 | Spirit Lodge |
| 9:49 | Fortress |
| 9:50 | Reinforced Defenses |
| 10:00 | Thorium Armor |
| 11:00 | Shaman Adept Training |
| 11:01 | Witch Doctor Adept Training |
| 11:14 | Healing Wave |
| 11:28 | Watch Tower |
| 11:30 | Watch Tower |
| 11:40 | Watch Tower |
| 12:14 | Witch Doctor Master Training |
| 12:15 | Shaman Master Training |
| Right click | 422 |
| Select group | 218 |
| Select | 181 |
| Build/train/purchase | 40 |
| Minimap ping | 11 |
| Assign group | 10 |
| Resource trade | 7 |
| Use ability | 6 |
| Misc. action | 1 |
| Remove unit | 1 |


| Acolyte | 7 | 525 | / | 0 |
| Ghoul | 10 | 1200 | / | 0 |
| Necromancer | 4 | 580 | / | 80 |
| Abomination | 5 | 1200 | / | 350 |
| total: | 26 | 3505g | / | 430w |
| Nerubian Tower | 1 | 100 | / | 20 |
| Spirit Tower | 1 | 145 | / | 40 |
| Crypt | 1 | 200 | / | 50 |
| Ziggurat | 7 | 1050 | / | 350 |
| Altar of Darkness | 2 | 360 | / | 100 |
| Tomb of Relics | 1 | 130 | / | 30 |
| Graveyard | 1 | 215 | / | 0 |
| Temple of the Damned | 1 | 155 | / | 140 |
| Slaughterhouse | 2 | 280 | / | 270 |
| Halls of the Dead | 1 | 320 | / | 210 |
| Black Citadel | 1 | 325 | / | 230 |
| total: | 15 | 2390g | / | 940w |
| 0:04 | Acolyte |
| 0:04 | Acolyte |
| 0:17 | Crypt |
| 0:23 | Ziggurat |
| 0:31 | Acolyte |
| 0:58 | Altar of Darkness |
| 1:00 | Ziggurat |
| 1:02 | Altar of Darkness |
| 1:19 | Ghoul |
| 1:22 | Ghoul |
| 1:36 | Tomb of Relics |
| 1:47 | Ghoul |
| 2:15 | Ghoul |
| 2:15 | Ghoul |
| 2:20 | Nerubian Tower |
| 2:31 | Graveyard |
| 2:39 | Cannibalize |
| 3:03 | Ziggurat |
| 3:06 | Ghoul |
| 3:18 | Carrion Swarm |
| 4:03 | Ghoul |
| 4:03 | Ghoul |
| 4:04 | Halls of the Dead |
| 4:15 | Spirit Tower |
| 4:31 | Ziggurat |
| 4:41 | Ghoul |
| 4:45 | Vampiric Aura |
| 5:26 | Ghoul |
| 6:30 | Black Citadel |
| 6:34 | Temple of the Damned |
| 6:38 | Slaughterhouse |
| 6:46 | Slaughterhouse |
| 7:10 | Carrion Swarm |
| 7:51 | Necromancer Adept Training |
| 7:52 | Necromancer |
| 7:52 | Necromancer |
| 7:55 | Unholy Armor |
| 7:55 | Unholy Strength |
| 9:00 | Abomination |
| 9:05 | Acolyte |
| 9:05 | Acolyte |
| 9:20 | Necromancer Master Training |
| 9:30 | Ziggurat |
| 9:31 | Ziggurat |
| 9:52 | Acolyte |
| 9:52 | Acolyte |
| 10:02 | Frost Nova |
| 10:09 | Disease Cloud |
| 10:13 | Ziggurat |
| 10:33 | Abomination |
| 10:38 | Abomination |
| 10:45 | Improved Unholy Armor |
| 11:09 | Abomination |
| 11:29 | Necromancer |
| 11:29 | Necromancer |
| 11:32 | Vampiric Aura |
| 12:23 | Abomination |
| Select group | 477 |
| Right click | 390 |
| Select | 196 |
| Build/train/purchase | 49 |
| Misc. action | 35 |
| Use ability | 15 |
| Assign group | 8 |
| Item give/drop | 3 |
| Remove unit | 1 |
⇛